 Dungeon Crawl Stone Soup version 0.30-a0-715-gdb4ae3ece1 (webtiles) character file.

Game seed: 17783428914411085110

473 Dirtsage the Changer (level 7, -9/43 HPs)
             Began as an Octopode Transmuter on Jan 24, 2023.
             Was an Initiate of Elyvilon.
             Mangled by Pikel
             ... wielding a +2 whip of flaming
              (12 damage)
             ... on level 4 of the Dungeon.
             The game lasted 00:09:22 (3159 turns).

Dirtsage the Changer (Octopode Transmuter)          Turns: 3159, Time: 00:09:22

Health: -9/43      AC:  1    Str:  9    XL:     7   Next: 10%
Magic:  6/10       EV: 18    Int: 18    God:    Elyvilon [......]
Gold:   472        SH:  0    Dex: 12    Spells: 3/10 levels left

rFire   . . .      SeeInvis .      - Unarmed
rCold   . . .      Faith    .    (no shield)
rNeg    . . .      Spirit   .    (helmet currently unavailable)
rPois   .          Reflect  .    (no amulet)
rElec   .          Harm     .    d - +5 ring of evasion
rCorr   .          Rampage  .    (no ring)
Will    .....                    (no ring)
Stlth   ++                       (no ring)
HPRegen 0.27/turn                (no ring)
MPRegen 0.12/turn                (no ring)
                                 (no ring)
                                 (no ring)

@: appendages
A: tentacle spike 3, almost no armour, amphibious, 8 rings, camouflage 1,
gelatinous body 1, (nimble swimmer 1), tentacles
a: End Transformation, Renounce Religion


You were on level 4 of the Dungeon.
You worshipped Elyvilon.
Elyvilon was noncommittal.
One of your tentacles had grown a beastly spike.
You visited 1 branch of the dungeon, and saw 4 of its levels.
You also visited: Ossuary.

You collected 472 gold pieces.

Inventory:

Armour
 r - a +1 hat
Jewellery
 d - a +5 ring of evasion (left tentacle)
Scrolls
 b - a scroll of torment
 c - a scroll of poison
 e - 3 scrolls of teleportation {unknown}
 g - a scroll of fear
 s - a scroll of blinking {unknown}
 t - a scroll of vulnerability {unknown}
 w - a scroll of amnesia {unknown}
 x - a scroll of immolation
Potions
 a - a potion of lignification
 f - 3 potions of mutation {unknown}
 h - 2 potions of haste
 j - 2 potions of berserk rage {unknown}
 k - 3 potions of cancellation {unknown}
 l - 3 potions of degeneration {unknown}
 m - 2 potions of curing {unknown}
 o - 5 potions of attraction {unknown}
 p - 4 potions of ambrosia {unknown}
 q - a potion of flight {unknown}
 u - 2 potions of magic {unknown}
 v - 3 potions of might {unknown}
 z - a potion of heal wounds {unknown}


   Skills:
 - Level 1.0 Fighting
 - Level 2.0 Dodging
 - Level 3.0 Unarmed Combat
 - Level 2.0 Spellcasting
 + Level 5.4 Transmutations
 + Level 4.9 Ice Magic


You had 3 spell levels left.
You knew the following spells:

 Your Spells              Type           Power      Damage    Failure   Level
a - Beastly Appendage     Tmut           42%        N/A       1%          1
b - Wereblood             Tmut           21%        N/A       3%          2
c - Ice Form              Ice/Tmut       20%        N/A       22%         4

Your spell library contained the following spells:

 Spells                   Type           Power      Damage    Failure   Level
 Ensorcelled Hibernation  Hex/Ice        20%        N/A       10%         2
 Magic Dart               Conj           4%         1d3       19%         1
 Shock                    Conj/Air       4%         1d3       19%         1
 Spider Form              Tmut/Pois      11%        N/A       19%         3
 Call Imp                 Summ           1%         N/A       26%         2
 Mephitic Cloud           Conj/Pois/Air  1%         N/A       47%         3
 Swiftness                Air            1%         N/A       47%         3
 Airstrike                Air            0%         2d(1-17)  87%         4
 Anguish                  Hex/Necr       0%         N/A       87%         4


Dungeon Overview and Level Annotations

Branches:
Dungeon (4/15)            Ossuary (visited)
 Temple: D:4-7

Altars:
Dithmenos
Elyvilon
Gozag
Sif Muna
Zin

Shops:
D:3 (

Annotations:
D:4 Pikel


Innate Abilities, Weirdness & Mutations

One of your tentacles has grown a beastly spike.
You cannot wear most types of armour.
You are amphibious.
You can wear up to eight rings at the same time.
Your skin changes colour to match your surroundings (Stealth+).
Your rubbery body absorbs attacks. (AC +1, EV +1)
((You are camouflaged when in or above water. (Stealth+)))
You have tentacles for arms and can constrict up to eight enemies at once.


Message History

You take 7 damage, and have 22/43 hp.
You tentacle-slap Pikel but do no damage.
You pierce Pikel, but do no damage.
Pikel is lightly wounded.
You constrict Pikel. Pikel misses you.
You tentacle-slap Pikel but do no damage.
You pierce Pikel, but do no damage.
Pikel is lightly wounded.
You constrict Pikel.
Pikel hits you with a +2 whip of flaming!
* * * LOW HITPOINT WARNING * * *
Pikel burns you.
* * * LOW HITPOINT WARNING * * *
You take 15 damage, and have 8/43 hp.
MASSIVE DAMAGE!!
You tentacle-slap Pikel but do no damage.
Pikel is lightly wounded.
You constrict Pikel. You barely miss Pikel.
You pierce Pikel.
Pikel is moderately wounded.
You constrict Pikel. Pikel waves his whip at you. Pikel barely misses you.
You tentacle-slap Pikel but do no damage.
Pikel is moderately wounded.
You constrict Pikel. Pikel barely misses you.
You tentacle-slap Pikel but do no damage.
You squeeze Pikel, but do no damage.
Pikel is moderately wounded.
You constrict Pikel, but do no damage.
Pikel hits you with a +2 whip of flaming.
* * * LOW HITPOINT WARNING * * *
Pikel burns you.
* * * LOW HITPOINT WARNING * * *
You take 6 damage, and have 3/43 hp.
You tentacle-slap Pikel but do no damage.
You tentacle-slap Pikel, but do no damage.
Pikel is moderately wounded.
You constrict Pikel.
Pikel hits you with a +2 whip of flaming!
You die...

#. .....
...#..........###.........
..............##..........
......#...................
......#............##..##.
.........>................
......................###. ..#
#.#..........K...........#.#.
...##...........@..........###.##
.......................?...'.....
.................##........###.##
.............................#.#.
...........##................###.
............#...#................
................#................
.....................##.#.......#
........#.............#.##.....##


You could see Pikel.

Vanquished Creatures
  A black bear (D:4)
  4 lemures (D:4)
  A scorpion (D:4)
  Natasha (thrice) (D:3)
  8 mummies (Ossuary)
  A gnoll (D:1)
  8 adders
  A worm (D:3)
  2 orcs
  8 endoplasms
  2 giant cockroaches (D:1)
  2 goblins
  7 hobgoblins
  2 quokkas
  4 ball pythons
  4 bats
  5 frilled lizards
  A hobgoblin zombie (Ossuary)
  5 kobolds
  3 kobold zombies (Ossuary)
  4 orc zombies (Ossuary)
  8 rats
84 creatures vanquished.

Notes
Turn   | Place    | Note
-------+----------+-------------------------------------------
     0 | D:1      | Dirtsage the Octopode Transmuter began the quest for the
                  | Orb.
     0 | D:1      | Reached XP level 1. HP: 13/13 MP: 3/3
   206 | D:1      | Reached skill level 1 in Ice Magic
   206 | D:1      | Reached XP level 2. HP: 18/18 MP: 1/5
   209 | D:1      | Learned a level 2 spell: Wereblood
   523 | D:1      | Reached XP level 3. HP: 23/23 MP: 4/6
  1037 | D:2      | Reached skill level 3 in Transmutations
  1049 | D:2      | Found a faded altar of an unknown god.
  1127 | D:2      | Reached XP level 4. HP: 28/28 MP: 5/7
  1132 | D:2      | Learned a level 4 spell: Ice Form
  1467 | D:3      | Found a white marble altar of Elyvilon.
  1472 | D:3      | Noticed Natasha
  1484 | D:3      | Killed Natasha
  1595 | D:3      | Reached XP level 5. HP: 32/33 MP: 6/8
  1805 | D:3      | Found Amalu's Weapon Shoppe.
  1851 | D:3      | Reached skill level 4 in Transmutations
  2114 | D:3      | Became a worshipper of Elyvilon the Healer
  2193 | D:3      | Found a shadowy altar of Dithmenos.
  2352 | D:3      | Noticed Natasha
  2360 | D:3      | Killed Natasha
  2472 | D:3      | Found a shimmering blue altar of Sif Muna.
  2523 | D:3      | Noticed Natasha
  2540 | D:3      | Killed Natasha
  2588 | D:4      | Found an opulent altar of Gozag.
  2588 | D:4      | Found a glowing silver altar of Zin.
  2602 | D:4      | Reached XP level 6. HP: 38/38 MP: 4/9
  2731 | D:4      | Noticed Pikel
  2788 | D:4      | Found a sand-covered staircase.
  2793 | Ossuary  | Entered an ossuary
  2898 | Ossuary  | Reached skill level 5 in Transmutations
  3102 | D:4      | Noticed a black bear
  3109 | D:4      | Killed a black bear
  3110 | D:4      | Reached XP level 7. HP: 43/43 MP: 1/10
  3159 | D:4      | Mangled by Pikel

Illustrated notes

Levels and vault maps discovered:
D:1:      grunt_arrival_lava_bath, layout_loops_corners, minmay_hexomino_p4
D:2:      layout_rooms, basic_ecumenical_altar
D:3:      layout_loops_ring, mainiacjoe_overflow_boulevard,
          amcnicky_altar_gilded, lemuel_blue_sif_altar, serial_shops,
          nicolae_shop_hallway_stairs, hangedman_feature_mirror, uniq_natasha
D:4:      layout_cave_pools, overflow_temple_1_default,
          mainiacjoe_overflow_cross_hatched, nicolae_ossuary_entry_plus,
          kennysheep_generic_room_15, uniq_pikel

Skill      XL: |  1  2  3  4  5  6 |
---------------+-------------------+-----
Ice Magic      | 1 2 3 4 |  4.9
Transmutations | 3 4 5 |  5.4
Fighting       | |  1.0
Dodging        | |  2.0
Unarmed Combat | |  3.0
Spellcasting   | |  2.0

Action                     |  1- 3 |  4- 6 |  7- 9 || total
---------------------------+-------+-------+-------++-------
  Melee: Unarmed           |    65 |   155 |    15 ||   235
         Constrict         |    18 |    15 |     1 ||    34
         Tentacles         |    16 |    15 |     3 ||    34
         Kick              |    10 |    20 |     6 ||    36
         Punch             |     3 |     2 |     1 ||     6
   Cast: Beastly Appendage |    11 |    18 |     1 ||    30
         Wereblood         |     3 |     4 |       ||     7
         Ice Form          |       |     6 |       ||     6
    Use: Potion            |       |     1 |       ||     1
         Scroll            |       |     6 |       ||     6
   Stab: Sleeping          |     2 |     3 |       ||     5
 Armour: Skin              |    11 |    21 |     1 ||    33
  Dodge: Dodged            |    47 |    89 |     7 ||   143

Table legend: (Time is in decaauts)
 A = Elapsed time spent in this place.
 B = Non-inter-level travel time spent in this place.
 C = Inter-level travel time spent in this place.
 D = Time resting spent in this place.
 E = Time spent auto-exploring this place.
 F = Levels seen in this place.
 G = Mean time per level.
                   A        B        C        D        E       F      G
               +--------+--------+--------+--------+--------+-----+--------+
         Total |   3147 |   3071 |     76 |     65 |   2237 |   5 |  629.4 |
       Dungeon |   2864 |   2788 |     76 |     44 |   2088 |   4 |  716.0 |
       Ossuary |    283 |    283 |      0 |     21 |    149 |   1 |  283.0 |
               +--------+--------+--------+--------+--------+-----+--------+

Top non-repeatable levels by time:
     D:3: 1139 daAuts
     D:1: 963 daAuts
     D:2: 479 daAuts
 Ossuary: 283 daAuts
     D:4: 281 daAuts
